 Dungeon Crawl Stone Soup version 0.21-a0-223-g812f45e (webtiles) character file.

753 iven52 the Covert (level 7, -11/32 HPs)
             Began as a Spriggan Enchanter on Aug 28, 2017.
             Shot with an arrow by a centaur (14 damage)
             ... on level 5 of the Dungeon.
             The game lasted 00:54:17 (5914 turns).

iven52 the Covert (Spriggan Enchanter)              Turns: 5914, Time: 00:54:18

Health: -11/32     AC:  2    Str:  4    XL:     7   Next: 49%
Magic:  12/12      EV: 22    Int: 19    God:
Gold:   177        SH:  0    Dex: 16    Spells: 3/11 levels left

rFire    x . .     SeeInvis +   t - +0 dagger (elec)
rCold    + . .     Gourm    .   (shield restricted)
rNeg     . . .     Faith    .   v - +0 robe
rPois    .         Spirit   .   (helmet restricted)
rElec    .         Reflect  .   (no cloak)
rCorr    .         Harm     .   (gloves unavailable)
MR       +....                  (boots unavailable)
Stlth    +++++.....             (no amulet)
HPRegen  0.10/turn              s - ring of ice
MPRegen  0.13/turn              (no ring)

@: lethally poisoned (-11 -> -15), very quick
A: unfitting armour, see invisible, herbivore 3, speed 3, slow metabolism 2
a: no special abilities


You were on level 5 of the Dungeon.
You were full.

You visited 1 branch of the dungeon, and saw 5 of its levels.

You collected 277 gold pieces.
You spent 100 gold pieces at shops.

Inventory:

Hand Weapons
 t - a +0 dagger of electrocution (weapon)
Armour
 v - a +0 robe (worn)
Jewellery
 s - a ring of ice (left hand)
Wands
 a - a wand of lightning (9/15)
Scrolls
 b - a scroll of remove curse
 g - 2 scrolls of fear
 i - 3 scrolls of teleportation
 j - a scroll of enchant weapon {unknown}
 k - 2 scrolls of recharging {unknown}
 l - a scroll of fog {unknown}
 n - a scroll of enchant armour {unknown}
 o - a scroll of noise {unknown}
 q - a scroll of blinking {unknown}
 x - 2 scrolls of identify
Potions
 e - a potion of magic
 f - a potion of agility
 m - a potion of curing
 p - a potion of might
 r - a potion of degeneration {unknown}
 u - a potion of flight
Books
 c - a book of Maledictions

   Spells                             Type                      Level
   a - Corona                         Hexes                        1
   b - Ensorcelled Hibernation        Hexes/Ice                    2
   c - Confuse                        Hexes                        3
   d - Tukima's Dance                 Hexes                        3
   e - Dazzling Spray                 Conjuration/Hexes            3
 w - a book of Minor Magic

   Spells                             Type                      Level
   a - Magic Dart                     Conjuration                  1
   b - Blink                          Translocation                2
   c - Call Imp                       Summoning                    2
   d - Slow                           Hexes                        2
   e - Conjure Flame                  Conjuration/Fire             3
   f - Mephitic Cloud                 Conjuration/Poison/Air       3
Comestibles
 d - 6 bread rations
 h - 2 royal jellies


   Skills:
 - Level 0.2 Fighting
 - Level 1.1 Short Blades
 * Level 7.0 Dodging
 - Level 11.5 Stealth
 - Level 2.6 Spellcasting
 - Level 3.7 Hexes


You had 3 spell levels left.
You knew the following spells:

 Your Spells              Type           Power        Failure   Level  Hunger
a - Corona                Hex            ###....      3%          1    None
b - Ensorcelled Hibernat  Hex/Ice        ##....       11%         2    ##.....
c - Confuse               Hex            ###.....     11%         3    ###....
d - Blink                 Tloc           N/A          24%         2    ##.....


Dungeon Overview and Level Annotations

Branches:
Dungeon (5/15)
 Temple: D:4-7

Altars:
Cheibriados
Hepliaklqana
Okawaru
Ru
Sif Muna
Uskayaw
Wu Jian

Shops:
D:4 %

Portals:
Ossuary: D:5


Innate Abilities, Weirdness & Mutations

You are very small and have problems with some larger weapons.
You are too small for most types of armour.
You have supernaturally acute eyesight. (SInv)
You are a herbivore.
You cover ground extremely quickly.
You need consume almost no food.


Message History

You see here an arrow.
* * * LOW HITPOINT WARNING * * *
You feel sick.
* * * LOW HITPOINT WARNING * * *
You feel sick.
You see here a book of Misfortune.
* * * LOW HITPOINT WARNING * * *
You feel sick.
* * * LOW HITPOINT WARNING * * *
You feel sick.
An orc priest comes into view. It is wielding a club.
* * * LOW HITPOINT WARNING * * *
You feel sick.
* * * LOW HITPOINT WARNING * * *
You feel sick.
A giant cockroach comes into view.
An orc wizard comes into view. It is wielding a dagger.
The centaur shoots an arrow.
The arrow misses you.
The centaur shoots an arrow.
The arrow hits you!
You die...

# #.# .## # ..# .o
##### .## o..## ....#
###... # ###.# #....
.# # #.# #.#.###.##
###.## #.###.#.......
##...###.#
#.s(....>...#
#.....##.#
#####@#S.###
#.....##.#
##....#####
......##.#
#......>..####
#....###.#
#.....c......#
#.##.###.#
#.....###.##.#
.........######.#...#
#.#
#.##..#....._..###..#
#S#
#.##....#######.#..##
#.# .....####
###.#.####c##.#


You could see a centaur and a giant cockroach (sleeping).

Vanquished Creatures
  An ice beast (D:5)
  2 ogres (D:3)
  A scorpion (D:4)
  A howler monkey (D:4)
  A crimson imp (D:5)
  2 orc priests (D:4)
  4 orc wizards (D:4)
  2 worker ant zombies
  8 adders
  4 worms
  3 dart slugs
  A leopard gecko (D:4)
  10 orcs
  3 giant cockroaches
  4 goblins
  5 hobgoblins
  7 jackals
  3 quokkas
  17 bats
  4 frilled lizards
  7 kobolds
  A leopard gecko skeleton (D:4)
  8 rats
99 creatures vanquished.

Notes
Turn   | Place    | Note
-------+----------+-------------------------------------------
     0 | D:1      | iven52 the Spriggan Enchanter began the quest for the Orb.
     0 | D:1      | Reached XP level 1. HP: 9/9 MP: 5/5
   112 | D:1      | Reached skill level 5 in Stealth
   527 | D:1      | Reached XP level 2. HP: 13/13 MP: 6/6
  1309 | D:1      | Learned a level 2 spell: Ensorcelled Hibernation
  1316 | D:2      | Reached skill level 6 in Stealth
  1431 | D:2      | Reached XP level 3. HP: 10/16 MP: 1/8
  1436 | D:2      | Learned a level 3 spell: Confuse
  1733 | D:2      | Reached skill level 7 in Stealth
  1798 | D:2      | Found an ornate altar of the Wu Jian Council.
  2032 | D:2      | Found a snail-covered altar of Cheibriados.
  2038 | D:2      | Reached XP level 4. HP: 18/21 MP: 9/9
  2726 | D:3      | Noticed an ogre
  2734 | D:3      | Killed an ogre
  2734 | D:3      | Reached skill level 9 in Stealth
  2734 | D:3      | Reached XP level 5. HP: 24/24 MP: 5/10
  2947 | D:3      | Noticed an ogre
  3234 | D:3      | Killed an ogre
  3234 | D:3      | Reached skill level 10 in Stealth
  3234 | D:3      | Reached XP level 6. HP: 24/28 MP: 8/11
  3718 | D:4      | Reached skill level 11 in Stealth
  4831 | D:4      | Found an iron altar of Okawaru.
  5022 | D:4      | Found Osyss's Food Boutique.
  5029 | D:4      | Bought a bread ration for 50 gold pieces
  5029 | D:4      | Bought a bread ration for 50 gold pieces
  5097 | D:4      | Reached XP level 7. HP: 32/32 MP: 12/12
  5157 | D:4      | Found a sacrificial altar of Ru.
  5159 | D:4      | Found a deep blue altar of Sif Muna.
  5363 | D:4      | Reached skill level 5 in Dodging
  5445 | D:5      | Entered Level 5 of the Dungeon
  5566 | D:5      | Learned a level 2 spell: Blink
  5760 | D:5      | Found a sand-covered staircase.
  5874 | D:5      | Found a hazy altar of Hepliaklqana.
  5885 | D:5      | Found a hide-covered altar of Uskayaw.
  5914 | D:5      | Shot with an arrow by a centaur

Vault maps used:
D:1:      lightli_arrival_maybe_door_vault
D:2:      lemuel_crystal_altar, overflow_temple_1_default, first_bread,
          minmay_misc_feat_cross
D:4:      nicolae_overflow_hidden_temple, serial_shops, kennysheep_mini_moat,
          kennysheep_okawaru_gauntlet
D:5:      eat_drink_and_be_merry_uskayaw, overflow_temple_1_default,
          enter_ossuary_2, st_stairs_6, grunt_decor_resistance

Skill      XL: |  1  2  3  4  5  6  7 |
---------------+----------------------+-----
Stealth        | 5 6 7 9 10 11 | 11.5
Dodging        | 4 7 |  7.0
Fighting       | |  0.2
Short Blades   | |  1.1
Spellcasting   | |  2.6
Hexes          | |  3.7

Action                   |  1- 3 |  4- 6 |  7- 9 || total
-------------------------+-------+-------+-------++-------
Melee: Dagger            |   164 |   190 |    33 ||   387
 Cast: Corona            |    13 |       |       ||    13
       Ensorcelled Hiber |     9 |    46 |     4 ||    59
       Confuse           |     4 |    16 |     5 ||    25
  Use: Scroll            |     1 |     7 |     1 ||     9
 Stab: Sleeping          |    18 |    27 |     7 ||    52
       Confused          |     2 |     5 |     2 ||     9
       Distracted        |     1 |       |       ||     1
  Eat: Fruit             |       |     2 |       ||     2
       Bread ration      |       |     1 |     1 ||     2
Armor: Robe              |    41 |    28 |     2 ||    71
Dodge: Dodged            |   231 |   204 |    23 ||   458

Table legend:
 A = Spawn XP
 B = Non-spawn XP
 C = Spawn XP percentage of total XP
 D = Spawn monster count
 E = Non-spawn monster count
 F = Spawn count percentage of total count
 G = Total turns spent on level
                    A         B        C        D         E        F      G
               +---------+---------+-------+---------+---------+-------+---------
         Total |     177 |     899 |  16.4 |      14 |      85 |  14.1 |  5914
               +---------+---------+-------+---------+---------+-------+---------
           D:1 |       1 |      23 |   4.2 |       1 |      16 |   5.9 |  1295
           D:2 |       6 |      95 |   5.9 |       3 |      21 |  12.5 |  1404
           D:3 |     146 |     170 |  46.2 |       4 |      22 |  15.4 |  1082
           D:4 |      24 |     409 |   5.5 |       6 |      21 |  22.2 |  1664
           D:5 |       0 |     202 |   0.0 |       0 |       5 |   0.0 |   469
               +---------+---------+-------+---------+---------+-------+---------
